 Dungeon Crawl Stone Soup version 0.31-a0-986-g5e6e4ef867 (webtiles) character file.

Game seed: 5767596748426472777

1123 horus123 the Charlatan (level 8, -3/56 HPs)
             Began as a Djinni Hedge Wizard on Nov 4, 2023.
             Slain by Scrimshaw's ghost (7 damage)
             ... on level 5 of the Dungeon.
             The game lasted 00:09:41 (4692 turns).

horus123 the Charlatan (Djinni Hedge Wizard)        Turns: 4692, Time: 00:09:42

Health: -3/56      AC:  3    Str:  9    XL:     8   Next: 61%
Gold:   280        EV: 12    Int: 18    God:
                   SH:  0    Dex: 13

rFire   + + .        e - staff of death
rCold   x . .        (no shield)
rNeg    + . .        u - +0 robe of Wuh Fun {+Blink}
rPois   ∞            m - +0 helmet
rElec   .            (no cloak)
rCorr   .            (no gloves)
SInv    .            (boots unavailable)
Will    .....        (no amulet)
Stlth   ++           l - ring of wizardry
HPRegen 0.29/turn    (no ring)
MPRegen 0.00/turn

%: wizardry (x1), infuse magic (-4 HP)
@: sluggish, flying, very slow
A: sickness immunity, fire resistance 2, cold vulnerability 1, float, innate
caster, HP casting, extra vitality 1
a: Evoke Blink


You were on level 5 of the Dungeon.
You visited 1 branch of the dungeon, and saw 5 of its levels.

You collected 280 gold pieces.

Inventory:

Hand Weapons
 a - a +0 dagger
Missiles
 d - a throwing net
Armour
 b - a +0 robe
 c - a +0 hat
 m - a +0 helmet (worn)
 u - the +0 robe of Wuh Fun (worn) {+Blink}
   (You found it on level 5 of the Dungeon)

   +Blink:    It lets you blink.
Magical Staves
 e - a staff of death (weapon)
Jewellery
 l - a ring of wizardry (left hand)
 r - an amulet of faith
Scrolls
 g - 2 scrolls of identify
 i - a scroll of fog
 j - 2 scrolls of teleportation
 n - a scroll of poison
 p - a scroll of blinking {unknown}
 t - 2 scrolls of silence
 w - a scroll of enchant armour {unknown}
Potions
 f - 2 potions of brilliance {unknown}
 h - 2 potions of mutation {unknown}
 k - a potion of magic {unknown}
 o - a potion of haste {unknown}
 q - 2 potions of heal wounds {unknown}
 s - a potion of curing {unknown}
 v - a potion of attraction {unknown}


   Skills:
 - Level 3.0 Fighting
 - Level 2.1 Dodging
 - Level 1.5 Stealth
 + Level 5.7 Spellcasting
 + Level 5.7 Conjurations
 + Level 5.7 Hexes
 + Level 5.7 Summonings
 + Level 5.7 Necromancy
 + Level 5.7 Translocations
 + Level 5.7 Transmutations
 + Level 5.7 Fire Magic
 + Level 5.7 Ice Magic
 + Level 5.7 Air Magic
 + Level 5.7 Earth Magic
 + Level 5.7 Poison Magic
 - Level 5.9 Evocations


You knew the following spells:

 Your Spells              Type           Power      Damage    Failure   Level
a - Magic Dart            Conj           100%       1d8       1%          1
b - Slow                  Hex            100%       N/A       1%          1
c - Blink                 Tloc           50%        N/A       1%          2
d - Call Imp              Summ           50%        N/A       1%          2
e - Mephitic Cloud        Conj/Pois/Air  25%        N/A       1%          3
f - Foxfire               Conj/Fire      100%       2x1d9     1%          1
g - Ensorcelled Hibernat  Hex/Ice        50%        N/A       1%          2
h - Swiftness             Air            25%        N/A       1%          3
Your spell library was empty.

Dungeon Overview and Level Annotations

Branches:
Dungeon (5/15)
 Temple: D:4-7

Altars:

Annotations:
D:5 Scrimshaw's ghost, novice OpSh


Innate Abilities, Weirdness & Mutations

You are immune to sickness and miasma.
You are immune to poison.
Your flesh is very heat resistant. (rF++)
You are vulnerable to cold. (rC-)
You float through the air rather than walking.
You learn spells naturally, not from books.
Your magical power is your life essence.
You have superior vitality. (+4 MHP)


Message History

You start to feel a little slower.
Scrimshaw's ghost hits your cerulean imp.
Your cerulean imp completely misses Scrimshaw's ghost.
Scrimshaw's ghost completely misses your cerulean imp.
Your cerulean imp barely misses Scrimshaw's ghost.
Scrimshaw's ghost closely misses your cerulean imp.
Your cerulean imp hits Scrimshaw's ghost with a -2 spear.
Scrimshaw's ghost hits your cerulean imp.
Your cerulean imp dies!
Your cerulean imp disappears in a puff of smoke!
Scrimshaw's ghost swings its fists at you.
Casting: Call Imp (safe; 1% risk of failure)
Confirm with . or Enter, or press ? or * to list all spells.
A tiny devil pulls itself out of the air.
You feel sluggish. Scrimshaw's ghost hits you. Scrimshaw's ghost hits you!
* * * LOW HITPOINT WARNING * * *
You swap places.
Your cerulean imp closely misses Scrimshaw's ghost.
Scrimshaw's ghost hits you.
* * * LOW HITPOINT WARNING * * *
Your cerulean imp hits Scrimshaw's ghost with a -2 spear.
Scrimshaw's ghost hits your cerulean imp!
Your cerulean imp hits Scrimshaw's ghost with a -2 spear.
Aiming: Magic Dart (safe; 1% risk of failure)
Press: ? - help, Q - select action, (/) - cycle Shift-Dir - straight line, f/p - Scrimshaw's ghost
Aim: Scrimshaw's ghost (heavily damaged, not watching you, ally target, 100% to hit)
The magic dart hits Scrimshaw's ghost.
Scrimshaw's ghost is severely damaged.
* * * LOW HITPOINT WARNING * * *
Your cerulean imp hits Scrimshaw's ghost from afar with a -2 spear.
Aiming: Magic Dart (safe; 1% risk of failure)
Press: ? - help, Q - select action, (/) - cycle Shift-Dir - straight line, f/p - Scrimshaw's ghost
Aim: Scrimshaw's ghost (severely damaged, not watching you, ally target, 100% to hit)
The magic dart hits Scrimshaw's ghost.
Scrimshaw's ghost is severely damaged.
* * * LOW HITPOINT WARNING * * *
Scrimshaw's ghost hits you!
You die...

####....#####.####†....#
....=...#.....#♣.#.....#
###..####....##8!'...###
# #.## #....##♣.#..##
###.#####....# ###.##
....##....#### ##.#
.###...#### ##.5#
.##.[### #W.## ....##
####@## .#### ###.....#
## ######.......# ####
#............# ...#
#............#
...###.......##.###
.............#..#
....##.......#.##
....##.......#.#


You could see Scrimshaw's ghost (ally target) and a friendly cerulean imp
(summoned).

Vanquished Creatures
  Grinder (D:5)
  A water moccasin (D:5)
  A black bear (D:4)
  An ice beast (D:5)
  2 phantoms
  4 scorpions
  A howler monkey (D:4)
  An orc priest (D:5)
  A jelly (D:5)
  8 adders
  A white imp (D:5)
  A worm (D:3)
  3 dart slugs
  5 orcs
  8 endoplasms
  5 giant cockroaches
  13 goblins
  7 hobgoblins (D:2)
  7 jackals
  5 quokkas
  6 ball pythons
  2 bats
  3 frilled lizards
  6 kobolds
  6 rats
99 creatures vanquished.

Vanquished Creatures (collateral kills)
  A hobgoblin (D:3)
1 creature vanquished.

Grand Total: 100 creatures vanquished

Notes
Turn   | Place    | Note
-------+----------+-------------------------------------------
     0 | D:1      | horus123 the Djinni Hedge Wizard began the quest for the
                  | Orb.
     0 | D:1      | horus123 set off with the following spells memorised: Magic
                  | Dart, Slow, Blink, Call Imp, Mephitic Cloud.
     0 | D:1      | Reached XP level 1. HP: 15/15 MP: 0/0
   283 | D:1      | Reached XP level 2. HP: 21/21 MP: 0/0
   661 | D:1      | Found a faded altar of an unknown god.
   667 | D:1      | Reached XP level 3. HP: 23/25 MP: 0/0
   667 | D:1      | Learned a level 1 spell: Foxfire
  1094 | D:2      | Reached XP level 4. HP: 25/31 MP: 0/0
  1457 | D:2      | Reached skill level 1 in Fighting
  1834 | D:3      | Reached XP level 5. HP: 4/38 MP: 0/0
  1834 | D:3      | Learned a level 2 spell: Ensorcelled Hibernation
  2531 | D:4      | Reached XP level 6. HP: 29/46 MP: 0/0
  2596 | D:4      | Noticed a black bear
  2603 | D:4      | Killed a black bear
  2649 | D:4      | Reached skill level 5 in Spellcasting
  2649 | D:4      | Reached skill level 5 in Conjurations
  2649 | D:4      | Reached skill level 5 in Hexes
  2649 | D:4      | Reached skill level 5 in Summonings
  2649 | D:4      | Reached skill level 5 in Necromancy
  2649 | D:4      | Reached skill level 5 in Translocations
  2649 | D:4      | Reached skill level 5 in Transmutations
  2649 | D:4      | Reached skill level 5 in Fire Magic
  2649 | D:4      | Reached skill level 5 in Ice Magic
  2649 | D:4      | Reached skill level 5 in Air Magic
  2649 | D:4      | Reached skill level 5 in Earth Magic
  2649 | D:4      | Reached skill level 5 in Poison Magic
  2743 | D:4      | Reached XP level 7. HP: 16/50 MP: 0/0
  2743 | D:4      | Learned a level 3 spell: Swiftness
  3589 | D:5      | Entered Level 5 of the Dungeon
  3633 | D:5      | Identified the +0 robe of Wuh Fun {+Blink}
  3695 | D:5      | Reached skill level 1 in Evocations
  4106 | D:5      | Noticed Grinder
  4127 | D:5      | Killed Grinder
  4128 | D:5      | Reached XP level 8. HP: 36/56 MP: 0/0
  4276 | D:5      | Reached skill level 5 in Evocations
  4596 | D:5      | Found a runed translucent door.
  4596 | D:5      | Noticed Scrimshaw's ghost (novice OpSh)
  4692 | D:5      | Slain by Scrimshaw's ghost

Illustrated notes

Levels and vault maps discovered:
D:1:      amcnicky_arrival_underground_garden, layout_loops_ring,
          ebering_ecumenical_altar_sacrificial
D:2:      cheibrodos_greedy_goblins, layout_rooms
D:3:      layout_rooms, minmay_misc_feat_rows
D:4:      nicolae_cairo_tiling_very_big, layout_loops_ring
D:5:      layout_rooms, gammafunk_ghost_grave, hex_tiny, nrook_campfire,
          uniq_grinder

Skill      XL: |  1  2  3  4  5  6  7  8 |
---------------+-------------------------+-----
Spellcasting   | 3 4 5 |  5.7
Conjurations   | 3 4 5 |  5.7
Hexes          | 3 4 5 |  5.7
Summonings     | 3 4 5 |  5.7
Necromancy     | 3 4 5 |  5.7
Translocations | 3 4 5 |  5.7
Transmutations | 3 4 5 |  5.7
Fire Magic     | 3 4 5 |  5.7
Ice Magic      | 3 4 5 |  5.7
Air Magic      | 3 4 5 |  5.7
Earth Magic    | 3 4 5 |  5.7
Poison Magic   | 3 4 5 |  5.7
Fighting       | 2 3 |  3.0
Evocations     | 4 5 |  5.9
Dodging        | |  2.1
Stealth        | |  1.5

Action                     |  1- 3 |  4- 6 |  7- 9 || total
---------------------------+-------+-------+-------++-------
  Melee: Staff             |       |       |    14 ||    14
   Cast: Magic Dart        |    79 |   132 |   108 ||   319
         Call Imp          |       |     3 |     8 ||    11
         Mephitic Cloud    |       |     3 |     4 ||     7
         Slow              |       |       |     3 ||     3
         Swiftness         |       |       |     2 ||     2
    Use: Scroll            |       |     6 |       ||     6
 Armour: Robe              |     7 |    26 |    28 ||    61
  Dodge: Dodged            |    13 |    29 |    36 ||    78

Table legend: (Time is in decaauts)
 A = Elapsed time spent in this place.
 B = Non-inter-level travel time spent in this place.
 C = Inter-level travel time spent in this place.
 D = Time resting spent in this place.
 E = Time spent auto-exploring this place.
 F = Levels seen in this place.
 G = Mean time per level.
                   A        B        C        D        E       F      G
               +--------+--------+--------+--------+--------+-----+--------+
         Total |   4692 |   4636 |     56 |    712 |   3273 |   5 |  938.4 |
       Dungeon |   4692 |   4636 |     56 |    712 |   3273 |   5 |  938.4 |
               +--------+--------+--------+--------+--------+-----+--------+

Top non-repeatable levels by time:
     D:4: 1290 daAuts
     D:5: 949 daAuts
     D:2: 862 daAuts
     D:3: 833 daAuts
     D:1: 756 daAuts
